 Dungeon Crawl Stone Soup version 0.26.1-11-gd32895ea62 (webtiles) character file.

Game seed: 9403600503286963805

62 vvl the Conjurer (level 3, -2/28 HPs)
             Began as a Draconian Conjurer on July 8, 2021.
             Killed from afar by an orc wizard (8 damage)
             ... with a puff of frost
             ... on level 2 of the Dungeon.
             The game lasted 00:05:06 (2408 turns).

vvl the Conjurer (Draconian Conjurer)               Turns: 2408, Time: 00:05:07

Health: -2/28      AC:  5    Str:  9    XL:     3   Next: 85%
Magic:  6/6        EV: 12    Int: 19    God:
Gold:   161        SH:  0    Dex:  9    Spells: 6/7 levels left

rFire    . . .     SeeInvis .   c - +0 short sword
rCold    . . .     Faith    .   (no shield)
rNeg     . . .     Spirit   .   (armour unavailable)
rPois    .         Reflect  .   (helmet restricted)
rElec    .         Harm     .   (no cloak)
rCorr    .         Rampage  .   (no gloves)
Will     .....                  (no boots)
Stlth    ++........             (no amulet)
HPRegen  0.09/turn              (no ring)
MPRegen  0.10/turn              (no ring)

@: no status effects
A: unfitting armour, cold-blooded, AC +5
a: no special abilities


You were on level 2 of the Dungeon.
You visited 1 branch of the dungeon, and saw 3 of its levels.

You collected 161 gold pieces.

Inventory:

Hand Weapons
 c - a +0 short sword (weapon)
Missiles
 a - 18 bolts
Scrolls
 d - a scroll of enchant weapon {unknown}
 e - a scroll of fear {unknown}
 f - a scroll of enchant armour {unknown}
 g - a scroll of magic mapping {unknown}
 h - 3 scrolls of identify {unknown}
 j - 2 scrolls of remove curse {unknown}
 k - a scroll of fog {unknown}
 l - a scroll of teleportation {unknown}
Potions
 b - 2 potions of degeneration {unknown}
 i - a potion of ambrosia {unknown}
 m - a potion of invisibility {unknown}
 n - a potion of heal wounds {unknown}


   Skills:
 + Level 1.5 Fighting
 - Level 2.0 Dodging
 - Level 2.0 Stealth
 + Level 2.5 Spellcasting
 * Level 4.6 Conjurations


You had 6 spell levels left.
You knew the following spells:

 Your Spells              Type           Power        Failure   Level
a - Magic Dart            Conj           80%          2%          1

Your spell library contained the following spells:

 Spells                   Type           Power        Failure   Level
 Searing Ray              Conj           40%          3%          2
 Dazzling Flash           Conj/Hex       22%          19%         3
 Fulminant Prism          Conj/Hex       5%           52%         4
 Iskenderun's Mystic Bla  Conj/Tloc      11%          52%         4


Dungeon Overview and Level Annotations

Branches:
Dungeon (3/15)

Altars:


Innate Abilities, Weirdness & Mutations

Your plain brown scales are hard. (AC +5)
You cannot fit into any form of body armour.
You are cold-blooded and may be slowed by cold attacks.


Message History

You barely miss the orc. The orc wizard completely misses you.
The orc closely misses you. The orc wizard closely misses you.
You hit the orc.
The orc is severely wounded.
You are too injured to fight recklessly!
You hit the orc wizard but do no damage.
The orc wizard looks satisfied for a moment.
The orc barely misses you.
You hit the orc but do no damage.
The orc is severely wounded.
The orc wizard hits you but does no damage.
The orc hits you but does no damage.
The orc wizard hits you with a +0 dagger.
* * * LOW HITPOINT WARNING * * *
You hit the orc but do no damage.
You tail-slap the orc, but do no damage.
The orc is severely wounded.
The orc wizard points at you and mumbles some strange words.
The puff of frost hits you!
You die...

####### #.....####
#######........###
......'.......go@#
###.###........#o#
............^..#o#
.<#.##...##...##.#
..#.##...#####.#.#
...............#.#
..#.##.#..####.#.#
..+........#.#.#.#
..#.##.......#.#.#


You could see an orc wizard (fast), 2 orcs and a hobgoblin.

Vanquished Creatures
  2 adders (D:2)
  A worm (D:2)
  A leopard gecko (D:2)
  4 orcs
  3 giant cockroaches (D:1)
  4 goblins
  4 hobgoblins
  4 kobolds
  A quokka (D:2)
  A ball python (D:3)
  3 bats
  3 frilled lizards
  5 rats
36 creatures vanquished.

Notes
Turn   | Place    | Note
-------+----------+-------------------------------------------
     0 | D:1      | vvl the Draconian Conjurer began the quest for the Orb.
     0 | D:1      | Reached XP level 1. HP: 14/14 MP: 3/3
   225 | D:1      | Reached XP level 2. HP: 22/22 MP: 0/5
  1282 | D:2      | Reached skill level 1 in Fighting
  1487 | D:2      | Reached XP level 3. HP: 28/28 MP: 2/6
  2408 | D:2      | Killed from afar by an orc wizard

Illustrated notes

Levels and vault maps discovered:
D:1:      wander_arrival_desolate, layout_basic, serial_park_tiny_1,
          minmay_indecisive_spiral
D:2:      layout_basic
D:3:      layout_basic, nicolae_ru_path_of_blood, tgw_sif,
          grunt_temple_overflow_open, gup_sewer_entry_glass, uniq_robin

Skill      XL: |  1  2 |
---------------+-------+-----
Stealth        | 2 |  2.0
Dodging        | 2 |  2.0
Fighting       | 1 |  1.5
Spellcasting   | |  2.5
Conjurations   | |  4.6

Action                   || total
-------------------------++-------
Melee: Unarmed           ||    38
       Tailslap          ||     7
       Short sword       ||    73
 Cast: Magic Dart        ||    59
 Stab: Sleeping          ||     1
Armor: Skin              ||    42
Dodge: Dodged            ||   108
